 Dungeon Crawl Stone Soup version 0.24-a0-275-g6f7e2cb (webtiles) character file.

Game seed: 431246369585052306

84431 MatthieuS the Impaler (level 15, -4/123 HPs)
             Began as a Merfolk Skald on Apr 27, 2019.
             Was the Champion of Nemelex Xobeh.
             Slain by an orc warlord
             ... wielding a +0 bardiche
              (34 damage)
             ... in a bailey.
             The game lasted 01:27:07 (23523 turns).

MatthieuS the Impaler (Merfolk Skald)              Turns: 23523, Time: 01:27:07

Health: -4/123     AC: 17    Str: 17    XL:     15   Next: 80%
Magic:  9/29       EV: 23    Int: 20    God:    Nemelex Xobeh [******]
Gold:   1572       SH: 12    Dex: 18    Spells: 13/34 levels left

rFire    + + .     SeeInvis +   a - +2 demon trident (pierce)
rCold    . . .     Gourm    .   H - +0 shield
rNeg     . . .     Faith    .   J - +1 ring mail of the Eternal Fruit {MR+ Int+3}
rPois    +         Spirit   .   O - +2 hat {SInv}
rElec    +         Reflect  .   k - +5 cloak of the Midnight Sun {rCorr Str+3}
rCorr    +         Harm     .   P - +1 pair of gloves "Abov" {-Tele rElec rPois rF++}
MR       ++...     Clarity  +   h - +0 pair of boots Stlth ++........NoTele +
                                w - amulet of rage
HPRegen  0.30/turn              (no ring)
MPRegen  0.21/turn              v - ring of wizardry

@: agile, berserk cooldown, slowed, very slow
A: change form in water, swift swim, stealthy swim, clarity, wild magic 1
a: Draw Escape, Draw Destruction, Draw Summoning, Triple Draw, Deal Four, Stack
Five, Renounce Religion, Evoke Berserk Rage


You were in a bailey.
You worshipped Nemelex Xobeh.
Nemelex Xobeh was exalted by your worship.
You were not hungry.

You visited 3 branches of the dungeon, and saw 20 of its levels.
You also visited: Ossuary, Bailey and Volcano.

You collected 2357 gold pieces.
You spent 785 gold pieces at shops.

Inventory:

Hand Weapons
 a - a +2 demon trident of piercing (weapon)
   (You acquired it on level 6 of the Dungeon)
 B - a +2 trident of venom
   (You took it off an orc on level 9 of the Dungeon)
Missiles
 s - a throwing net (quivered) {!f}
 C - 7 silver javelins
Armour
 h - a +0 pair of boots (worn)
   (You found it on level 8 of the Dungeon)
 k - the +5 cloak of the Midnight Sun (worn) {rCorr Str+3}
   (You bought it in a shop on level 6 of the Dungeon)

   It affects your strength (+3).
   It provides partial protection from all sources of acid and corrosion.
 H - a +0 shield (worn)
   (You bought it in a shop on level 6 of the Dungeon)
 J - the +1 ring mail of the Eternal Fruit (worn) {MR+ Int+3}
   (You found it on level 7 of the Dungeon)

   It affects your intelligence (+3).
   It affects your resistance to hostile enchantments.
 O - a +2 hat of see invisible (worn)
   (You took it off Gastronok on level 1 of the Lair of Beasts)
 P - the +1 pair of gloves "Abov" (worn) {-Tele rElec rPois rF++}
   (You found it on level 5 of the Lair of Beasts)

   It greatly protects you from fire.
   It insulates you from electricity.
   It protects you from poison.
   It prevents most forms of teleportation.
Jewellery
 i - an uncursed ring of positive energy
   (You found it on level 1 of the Dungeon)
 v - a ring of wizardry (right hand)
   (You found it on level 4 of the Dungeon)
 w - an amulet of rage (around neck)
   (You found it on level 6 of the Dungeon)
 M - an uncursed ring of stealth
   (You found it on level 8 of the Dungeon)
Wands
 c - a wand of disintegration (2)
   (You found it on level 7 of the Dungeon)
 o - a wand of clouds (6)
   (You found it on level 2 of the Dungeon)
 q - a wand of polymorph (27)
   (You found it on level 2 of the Dungeon)
 t - a wand of flame (21)
   (You took it off Maurice on level 1 of the Orcish Mines)
Scrolls
 b - 3 scrolls of fear
 g - 3 scrolls of amnesia
 n - 10 scrolls of remove curse {@r2}
 r - a scroll of magic mapping
 y - a scroll of silence
 E - 5 scrolls of immolation {!r}
 K - 7 scrolls of teleportation {@r4}
 L - a scroll of enchant weapon
 N - 4 scrolls of identify {@r1}
Potions
 j - 4 potions of might
 l - 4 potions of brilliance
 m - a potion of cancellation
 p - 5 potions of resistance
 u - 3 potions of mutation {!q}
 x - 4 potions of heal wounds {@q2}
 z - 8 potions of curing {@q1}
 D - 6 potions of lignification {!q}
 F - 3 potions of invisibility
 G - 6 potions of agility
 I - 3 potions of flight
 R - 6 potions of haste {@q3}
Miscellaneous
 d - a phantom mirror
Comestibles
 e - 45 rations
 f - 4 chunks of flesh


   Skills:
 + Level 13.0 Fighting
 + Level 15.2 Polearms
 - Level 0.6 Armour
 + Level 11.5 Dodging
 + Level 9.6 Shields
 + Level 10.3 Spellcasting
 + Level 9.9 Hexes
 - Level 10.0 Charms
 - Level 2.0 Necromancy
 + Level 8.5 Invocations


You had 13 spell levels left.
You knew the following spells:

 Your Spells              Type           Power        Failure   Level  Hunger
a - Infusion              Chrm           ####         1%          1    None
b - Spectral Weapon       Hex/Chrm       ######..     1%          3    None
c - Apportation           Tloc           ##....       13%         1    None
d - Tukima's Dance        Hex            ######..     1%          3    None
e - Regeneration          Chrm/Necr      #####.....   4%          3    None
f - Invisibility          Hex            ######..     32%         6    ######.
q - Song of Slaying       Chrm           ######..     1%          2    None
A - Shroud of Golubria    Chrm/Tloc      #####.....   3%          2    None

Your spell library contained the following spells:

 Spells                   Type           Power        Failure   Level  Hunger
 Confusing Touch          Hex            ######       1%          1    None
 Corona                   Hex            ######.      1%          1    None
 Confuse                  Hex            ######..     1%          3    None
 Ensorcelled Hibernation  Hex/Ice        #####.       3%          2    None
 Dazzling Spray           Conj/Hex       #####.       6%          3    None
 Inner Flame              Hex/Fire       #####...     6%          3    None
 Corpse Rot               Necr           N/A          9%          2    None
 Sublimation of Blood     Necr           ###.......   9%          2    None
 Beastly Appendage        Tmut           ##....       13%         1    None
 Flame Tongue             Conj/Fire      ##...        13%         1    None
 Summon Butterflies       Summ           ##......     13%         1    None
 Sticks to Snakes         Tmut           ##......     21%         2    None
 Throw Flame              Conj/Fire      ##....       21%         2    None
 Excruciating Wounds      Chrm/Necr      #####.....   28%         5    ####...
 Conjure Flame            Conj/Fire      ##......     34%         3    None
 Gell's Gravitas          Tloc           ##........   34%         3    None
 Lesser Beckoning         Tloc           ##........   34%         3    None
 Recall                   Summ/Tloc      N/A          34%         3    None
 Spider Form              Tmut/Pois      ##........   34%         3    None
 Iskenderun's Battlesphe  Conj/Chrm      #####...     38%         5    ####...
 Metabolic Englaciation   Hex/Ice        #####.....   38%         5    ####...
 Summon Mana Viper        Hex/Summ       #####...     38%         5    ####...
 Yara's Violent Unravell  Hex/Tmut       #####.....   38%         5    ####...
 Ice Form                 Ice/Tmut       ##......     71%         4    ##.....
 Petrify                  Tmut/Erth      ##......     71%         4    ##.....
 Sticky Flame             Conj/Fire      ##......     71%         4    ##.....
 Agony                    Necr           ###.....     77%         5    ####...
 Dispel Undead            Necr           ###.....     77%         5    ####...
 Bolt of Draining         Conj/Necr      ###.......   88%         5    ####...
 Alistair's Intoxication  Tmut/Pois      ##......     95%         5    ####...
 Aura of Abjuration       Summ           ##........   95%         5    ####...
 Blade Hands              Tmut           ##........   95%         5    ####...
 Bolt of Magma            Conj/Fire/Erth ##........   95%         5    ####...
 Fireball                 Conj/Fire      ##........   95%         5    ####...
 Summon Demon             Summ           ##........   95%         5    ####...
 Summon Forest            Summ/Tloc      ##........   95%         5    ####...
 Venom Bolt               Conj/Pois      ##........   95%         5    ####...
 Iron Shot                Conj/Erth      ##........   100%        6    ######.
 Shadow Creatures         Summ           N/A          100%        6    ######.
 Orb of Destruction       Conj           ##........   100%        7    #######
 Spellforged Servitor     Conj/Summ      ##........   100%        7    #######


Dungeon Overview and Level Annotations

Branches:
Dungeon (12/15)            Temple (0/1) D:4            Lair (6/6) D:11
 Shoals (0/4) Lair:4        Snake (0/4) Lair:2        Slime (0/5) Lair:5
    Orc (2/2) D:10            Elf (0/3) Orc:2

Altars:
Ashenzari
Cheibriados
Nemelex Xobeh
Qazlal
Vehumet
Xom
Beogh
Jiyva

Shops:
D:6 :[[[[   D:11 !   Orc:2 ?!(%

Annotations:
D:6 1 runed translucent door, edsrzf's ghost, novice DDBe
D:7 1 runed translucent door, Crazy Yiuf


Innate Abilities, Weirdness & Mutations

You revert to your normal form in water You are very nimble and swift while swimming.
You are very stealthy in the water. (Stealth+)
You possess an exceptional clarity of mind.
Your spells are a little harder to cast, but a little more powerful.


Message History

You reach to attack!
You puncture the orc warlord!
Attack whom?
Aim: an orc warlord, wielding a +0 bardiche and wearing a +0 plate armour (lightly wounded)
You reach to attack!
You puncture the orc warlord!
You are no longer berserk.
You are exhausted.
You feel yourself slow down.
Attack whom?
Aim: an orc warlord, wielding a +0 bardiche and wearing a +0 plate armour (moderately wounded)
You reach to attack!
You hit the orc warlord. The orc warlord closely misses you.
Attack whom?
Aim: an orc warlord, wielding a +0 bardiche and wearing a +0 plate armour (moderately wounded)
You reach to attack!
You puncture the orc warlord!
Attack whom?
Aim: an orc warlord, wielding a +0 bardiche and wearing a +0 plate armour (heavily wounded)
You reach to attack!
You hit the orc warlord.
The orc warlord hits you from afar with a +0 bardiche!
Attack whom?
Aim: an orc warlord, wielding a +0 bardiche and wearing a +0 plate armour (heavily wounded)
You reach to attack!
You hit the orc warlord. The orc warlord closely misses you.
Attack whom?
Aim: an orc warlord, wielding a +0 bardiche and wearing a +0 plate armour (heavily wounded)
You reach to attack!
You hit the orc warlord but do no damage.
Some of the chunks of flesh in your inventory have rotted away.
Attack whom?
Aim: an orc warlord, wielding a +0 bardiche and wearing a +0 plate armour (heavily wounded)
You reach to attack!
You hit the orc warlord.
The orc warlord hits you from afar with a +0 bardiche!!
Attack whom?
Aim: an orc warlord, wielding a +0 bardiche and wearing a +0 plate armour (severely wounded)
You reach to attack!
You completely miss the orc warlord.
The orc warlord hits you from afar with a +0 bardiche!!
* * * LOW HITPOINT WARNING * * *
Aim: an orc warlord, wielding a +0 bardiche and wearing a +0 plate armour (severely wounded)
You create a blast of freezing vapour!
The orc warlord is engulfed in freezing vapours.
The orc warlord closely misses you.
The orc warlord is engulfed in freezing vapours.
Aim: an orc warlord, wielding a +0 bardiche and wearing a +0 plate armour (freezing vapour, severely wounded, chance to defeat MR: 30%)
The orc warlord easily resists.
The orc warlord is engulfed in freezing vapours.
The orc warlord hits you from afar with a +0 bardiche!
* * * LOW HITPOINT WARNING * * *
The orc warlord is engulfed in freezing vapours.
The orc warlord hits you from afar with a +0 bardiche!!
You die...
Your body glows slightly and disappears.

##..∩..## #.......#
##.......## #.........#
##.........##
#######.....⌠.....#######
##.....##)........##.....##
#.......))........))......#
##.......##....@..##)......##
#.........#.......#.........#
##.........##88o88##.))).....#
#.....⌠.....###§###.....⌠.....
##.........###§§§###.........#
#.....)...#..§§§..#.........#
##.......##.§§§§§.##.......##
#..)....#.........#.......#
##)))..##.........##.....##


You could see an orc warlord.

Vanquished Creatures
  Rupert (Lair:4)
  Gastronok (Lair:1)
  Donald (Orc:2)
  An orc warlord (Orc:1)
  Nessos (Lair:4)
  Snorg (D:10)
  An ettin (Orc:2)
  Josephine (Lair:4)
  4 hydras
  2 ogre magi (Orc:2)
  9 two-headed ogres
  3 death yaks (Lair:5)
  Urug (D:10)
  5 skeletal warriors
  An unseen horror (D:11)
  2 deep trolls (Orc:2)
  Pikel (D:4)
  7 orc knights
  A lindwurm (Lair:6)
  2 oklob plants (Lair:1)
  3 orc sorcerers
  2 cyclopes (Orc:2)
  2 ugly things (D:11)
  2 wolf spiders (Lair:6)
  Maurice (Orc:1)
  11 black mambas
  A guardian serpent (Lair:6)
  A gargoyle (Volcano)
  14 spiny frogs
  5 elephants (Lair:6)
  8 komodo dragons
  16 trolls
  3 hornets
  3 polar bears
  8 dream sheep (Lair:5)
  10 blink frogs
  9 hippogriffs
  An alligator skeleton (Volcano)
  A redback (Lair:6)
  3 flying skulls (Volcano)
  A spriggan (Lair:2)
  4 wraiths (Lair:4)
  A human (D:7)
  3 hogs (D:7)
  31 yaks
  Grum (D:10)
  5 basilisks
  7 wyverns
  A soldier ant (shapeshifter) (D:8)
  6 wargs
  A naga (Lair:2)
  25 water moccasins
  10 porcupines
  28 orc warriors
  An ice beast (D:10)
  2 slaves (D:4)
  2 eyes of draining
  3 black bears
  30 wolves
  A phantom (D:6)
  29 ogres
  6 centaurs
  10 crocodiles
  4 big kobolds
  Blork the orc (D:6)
  12 bullfrogs
  2 gnoll sergeants (D:10)
  2 scorpions
  A troll zombie (Ossuary)
  A spriggan skeleton (Volcano)
  5 howler monkeys
  4 centaur zombies
  A bullfrog zombie (D:6)
  5 crimson imps
  2 hounds
  4 jellies
  9 orc priests
  4 bullfrog skeletons
  14 orc wizards
  An iguana (D:9)
  17 worker ants
  2 ogre zombies (Ossuary)
  2 naga skeletons (Volcano)
  2 hound skeletons
  7 mummies (Ossuary)
  A howler monkey zombie (D:6)
  Robin (D:3)
  19 adders
  22 gnolls
  A shadow imp (D:7)
  4 oozes
  6 adder zombies
  3 adder skeletons
  2 worms
  3 dart slugs (D:1)
  11 leopard geckos
  103 orcs
  4 giant cockroaches
  23 goblins
  25 hobgoblins
  11 jackals
  5 quokkas
  2 ball pythons
  6 bats
  2 frilled lizards
  3 goblin zombies (Ossuary)
  6 hobgoblin zombies (Ossuary)
  25 kobolds
  7 kobold zombies (Ossuary)
  4 quokka zombies (Ossuary)
  6 rats
  A rat zombie (Ossuary)
  2 fungi
  A plant (Lair:6)
769 creatures vanquished.

Vanquished Creatures (collateral kills)
  3 death yaks (Lair:5)
  Sonja (Lair:4)
  2 gargoyles (Volcano)
  An alligator skeleton (Volcano)
  A wraith (Lair:4)
  3 centaurs (Lair:4)
  A bullfrog (Lair:5)
  A plant (Lair:4)
13 creatures vanquished.

Vanquished Creatures (others)
  A dancing weapon (D:10)
  An orc priest (D:3)
  An orc (D:3)
  9 fungi (Lair:6)
  15 plants
  13 spectral weapons
40 creatures vanquished.

Grand Total: 822 creatures vanquished

Notes
Turn   | Place    | Note
-------+----------+-------------------------------------------
     0 | D:1      | MatthieuS the Merfolk Skald began the quest for the Orb.
     0 | D:1      | Reached XP level 1. HP: 16/16 MP: 3/3
   117 | D:1      | Reached XP level 2. HP: 15/23 MP: 5/5
   791 | D:1      | Reached skill level 4 in Polearms
   942 | D:1      | Reached XP level 3. HP: 24/28 MP: 4/6
  1479 | D:2      | Found a sparkling altar of Nemelex Xobeh.
  1487 | D:2      | Became a worshipper of Nemelex Xobeh the Trickster
  1622 | D:2      | Received a gift from Nemelex Xobeh
  1667 | D:2      | Reached XP level 4. HP: 19/34 MP: 1/7
  1844 | D:2      | Found a shattered altar of Ashenzari.
  1892 | D:2      | Reached skill level 5 in Polearms
  2036 | D:2      | Found a snail-covered altar of Cheibriados.
  2472 | D:3      | Reached skill level 1 in Invocations
  2556 | D:3      | Gained mutation: You possess an exceptional clarity of
                  | mind. [potion of mutation]
  2556 | D:3      | Gained mutation: Your spells are a little harder to cast,
                  | but a little more powerful. [potion of mutation]
  2573 | D:3      | Reached XP level 5. HP: 37/41 MP: 9/9
  2718 | D:3      | Reached skill level 6 in Polearms
  2720 | D:3      | Reached XP level 6. HP: 44/47 MP: 10/10
  2721 | D:3      | Reached * piety under Nemelex Xobeh
  2973 | D:3      | Noticed Robin
  2985 | D:3      | Killed Robin
  3033 | D:3      | Received a gift from Nemelex Xobeh
  3447 | D:4      | Found a staircase to the Ecumenical Temple.
  3588 | D:4      | Noticed a black bear
  3590 | D:4      | Reached skill level 7 in Polearms
  3931 | D:4      | Killed a black bear
  3931 | D:4      | Reached XP level 7. HP: 32/54 MP: 4/12
  4073 | D:4      | Received a gift from Nemelex Xobeh
  4091 | D:4      | Learned a level 2 spell: Song of Slaying
  4094 | D:4      | Learned a level 2 spell: Shroud of Golubria
  4098 | D:4      | Learned a level 3 spell: Spectral Weapon
  4102 | D:4      | Learned a level 3 spell: Regeneration
  4401 | D:4      | Found a stormy altar of Qazlal.
  4404 | D:4      | Noticed an air elemental
  4404 | D:4      | Noticed a fire elemental
  4404 | D:4      | Noticed a water elemental
  4611 | D:5      | Entered Level 5 of the Dungeon
  4611 | D:5      | Noticed Pikel
  4619 | D:4      | Reached skill level 8 in Polearms
  4790 | D:4      | Killed Pikel
  4790 | D:4      | Reached skill level 5 in Fighting
  4790 | D:4      | Reached skill level 9 in Polearms
  4790 | D:4      | Reached XP level 8. HP: 37/62 MP: 10/14
  5124 | D:5      | Reached skill level 10 in Polearms
  5159 | D:5      | Reached ** piety under Nemelex Xobeh
  5701 | D:6      | Found Wogus's Antique Armour Boutique.
  5705 | D:6      | Reached skill level 5 in Spellcasting
  5727 | D:6      | Bought a shiny ring mail for 175 gold pieces
  5827 | D:6      | Noticed a two-headed ogre
  5836 | D:6      | Killed a two-headed ogre
  5836 | D:6      | Reached skill level 11 in Polearms
  5836 | D:6      | Reached XP level 9. HP: 44/71 MP: 12/17
  5877 | D:6      | Identified a scroll of acquirement
  5881 | D:6      | Received a gift from Nemelex Xobeh
  5897 | D:6      | Found Pel Cint's Book Shop.
  5906 | D:6      | Found Civvalap's Armour Boutique.
  5977 | D:6      | Noticed Blork the orc
  5979 | D:6      | Reached skill level 12 in Polearms
  5986 | D:6      | Killed Blork the orc
  6032 | D:6      | Found a runed translucent door.
  6038 | D:6      | Noticed edsrzf's ghost (novice DDBe)
  6231 | D:6      | Found Ewunan's Armour Boutique.
  6233 | D:6      | Found a sand-covered staircase.
  6237 | Ossuary  | Entered an ossuary
  6372 | Ossuary  | Received a gift from Nemelex Xobeh
  6656 | D:6      | Bought a +0 shield for 63 gold pieces
  6663 | D:6      | Found Vicavooq's Antique Armour Boutique.
  6714 | D:6      | Reached *** piety under Nemelex Xobeh
  6871 | D:6      | Reached skill level 13 in Polearms
  6871 | D:6      | Reached skill level 1 in Shields
  7143 | D:7      | Reached XP level 10. HP: 79/79 MP: 19/19
  7644 | D:7      | Received a gift from Nemelex Xobeh
  7833 | D:7      | Got a bronze ring mail
  7844 | D:7      | Identified the +1 ring mail of the Eternal Fruit {MR+
                  | Int+3} (You found it on level 7 of the Dungeon)
  8012 | D:7      | Found a radiant altar of Vehumet.
  8147 | D:7      | Found a runed translucent door.
  8148 | D:7      | Noticed Crazy Yiuf
  8456 | D:8      | Received a gift from Nemelex Xobeh
  8547 | D:8      | Found a shimmering altar of Xom.
  8554 | D:8      | Reached **** piety under Nemelex Xobeh
  8581 | D:8      | Noticed a salamander
  8581 | D:8      | a jumping spider changed into a salamander
  8588 | D:8      | a salamander changed into a yaktaur
  8673 | D:8      | Noticed a spiny frog
  8673 | D:8      | a spriggan changed into a spiny frog
  8678 | D:8      | a spiny frog changed into a soldier ant
  8687 | D:8      | Reached skill level 1 in Hexes
  8809 | D:8      | Learned a level 1 spell: Apportation
  8813 | D:8      | Learned a level 3 spell: Tukima's Dance
  8883 | D:8      | Noticed a two-headed ogre
  8892 | D:8      | Killed a two-headed ogre
  8892 | D:8      | Reached skill level 14 in Polearms
  9049 | D:8      | You fall through a shaft!
  9816 | D:9      | Reached XP level 11. HP: 54/87 MP: 15/21
 10344 | D:10     | Entered Level 10 of the Dungeon
 10361 | D:10     | Noticed Snorg
 10368 | D:10     | Killed Snorg
 10580 | D:10     | Reached skill level 5 in Dodging
 10604 | D:10     | Noticed Urug
 10619 | D:10     | Killed Urug
 10619 | D:10     | Reached skill level 5 in Charms
 10687 | D:10     | Found a staircase to the Orcish Mines.
 10687 | D:10     | Received a gift from Nemelex Xobeh
 11153 | D:6      | Bought an ichor-stained cloak for 247 gold pieces
 11163 | D:6      | Identified the +5 cloak of the Midnight Sun {rCorr Str+3}
                  | (You bought it in a shop on level 6 of the Dungeon)
 11293 | D:10     | Reached skill level 5 in Invocations
 11337 | D:10     | Noticed Grum
 11349 | D:10     | Killed Grum
 11413 | D:10     | Reached ***** piety under Nemelex Xobeh
 11559 | D:11     | Found Mienats's Distillery.
 11588 | D:11     | Found a staircase to the Lair.
 11603 | Lair:1   | Entered Level 1 of the Lair of Beasts
 11648 | Lair:1   | Reached skill level 5 in Shields
 11849 | Lair:1   | Noticed Gastronok
 11864 | Lair:1   | Killed Gastronok
 11864 | Lair:1   | Reached skill level 1 in Necromancy
 11864 | Lair:1   | Reached XP level 12. HP: 53/96 MP: 3/23
 12336 | Lair:1   | Reached skill level 5 in Hexes
 12464 | Lair:1   | Received a gift from Nemelex Xobeh
 13034 | Lair:2   | Noticed a four-headed hydra
 13147 | Lair:1   | Reached skill level 10 in Fighting
 13188 | Lair:2   | Found a staircase to the Snake Pit.
 13295 | Lair:2   | Noticed a spriggan rider
 13526 | Lair:2   | Learned a level 6 spell: Invisibility
 13743 | Lair:2   | Received a gift from Nemelex Xobeh
 13811 | Lair:2   | Killed a four-headed hydra
 13944 | Lair:3   | Reached XP level 13. HP: 104/104 MP: 15/24
 14492 | Lair:4   | Noticed Josephine
 14498 | Lair:4   | Killed Josephine
 14525 | Lair:4   | Found a staircase to the Shoals.
 14560 | Lair:4   | Noticed Sonja
 14567 | Lair:4   | Killed Sonja
 14788 | Lair:4   | Received a gift from Nemelex Xobeh
 14855 | Lair:4   | Noticed Nessos
 14869 | Lair:4   | HP: 4/106 [Nessos/arrow (5)]
 14874 | Lair:4   | Killed Nessos
 15377 | Lair:4   | Noticed Rupert
 15416 | Lair:4   | Killed Rupert
 15824 | Lair:5   | Received a gift from Nemelex Xobeh
 16242 | Lair:5   | Reached ****** piety under Nemelex Xobeh
 16253 | Lair:5   | Found a runed translucent door.
 16254 | Lair:5   | Found a viscous altar of Jiyva.
 16258 | Lair:5   | Found a staircase to the Slime Pits.
 16369 | Lair:5   | Received a gift from Nemelex Xobeh
 16539 | Lair:5   | Reached XP level 14. HP: 113/113 MP: 26/26
 16565 | Lair:5   | Got a pair of shimmering gloves
 16603 | Lair:5   | Identified the +1 pair of gloves "Abov" {-Tele rElec rPois
                  | rF++} (You found it on level 5 of the Lair of Beasts)
 16824 | Lair:6   | Entered Level 6 of the Lair of Beasts
 17399 | Lair:6   | Received a gift from Nemelex Xobeh
 17399 | Lair:6   | Found a dark tunnel.
 17408 | Volcano  | Entered a volcano
 17794 | Volcano  | Reached skill level 10 in Charms
 18186 | Lair:6   | Reached skill level 10 in Dodging
 19211 | Orc:1    | Entered Level 1 of the Orcish Mines
 19238 | Orc:1    | Received a gift from Nemelex Xobeh
 19289 | Orc:1    | Noticed an orc warlord
 19321 | Orc:1    | Killed an orc warlord
 19580 | Orc:1    | Found a roughly hewn altar of Beogh.
 19667 | Orc:2    | Entered Level 2 of the Orcish Mines
 19672 | Orc:2    | Noticed Maurice
 20274 | Orc:1    | Reached XP level 15. HP: 122/122 MP: 22/28
 20289 | Orc:1    | Killed Maurice
 20536 | Orc:2    | Found Natogiga's Distillery.
 20614 | Orc:2    | Reached skill level 10 in Spellcasting
 20648 | Orc:2    | Found Zuzxorch's Food Emporium.
 20840 | Orc:2    | Found Omnocoed's Magic Scroll Shop.
 20842 | Orc:2    | Bought a potion of heal wounds for 60 gold pieces
 20842 | Orc:2    | Bought a potion of haste for 120 gold pieces
 20847 | Orc:2    | Found Abummaro's Antique Weapon Shoppe.
 20850 | Orc:2    | Bought a scroll of enchant weapon for 120 gold pieces
 20853 | Orc:2    | Found a staircase to the Elven Halls.
 21105 | Orc:2    | Reached skill level 15 in Polearms
 21119 | Orc:2    | Noticed Donald
 21135 | Orc:2    | Killed Donald
 21378 | Orc:1    | Received a gift from Nemelex Xobeh
 22113 | D:11     | Received a gift from Nemelex Xobeh
 23129 | D:12     | Received a gift from Nemelex Xobeh
 23177 | D:12     | Found a flagged portal.
 23199 | Bailey   | Entered a bailey
 23465 | Bailey   | Noticed an orc warlord
 23523 | Bailey   | Slain by an orc warlord

Levels and vault maps discovered:
D:1:      scummos_arrival_gate, layout_loops_corners
D:2:      layout_loops_ring, lemuel_coloured_pillars_altar, ashenzari_altar_1,
          first_ration, cheibriados_altar_1
D:3:      layout_basic, portal_sewer_entry_d, solitary_fountain,
          corexii_hall_statues_l, kennysheep_another_room, uniq_robin
D:4:      layout_rooms, nicolae_qazlal_style_of_elements, temple_pool_b
D:5:      layout_rooms, uniq_pikel
D:6:      layout_cave_pods, serial_shops, kennysheep_mini_moat, shop,
          kennysheep_little_box, shop, nicolae_shop_statue_plus,
          enter_ossuary_5, ebering_ghost_sewer_d, uniq_blork_the_orc
D:7:      layout_loops_corners, vehumet_crystals, grunt_livestock,
          uniq_crazy_yiuf_cottage
D:8:      layout_cave_pods, xom_butterflies, minmay_diamond_spiral
D:9:      layout_long_grid
D:10:     layout_long_grid, kennysheep_orc_monster_closet_entryway, uniq_urug,
          uniq_grum, uniq_snorg
D:11:     layout_loops_corners, lair_entry_dummy, serial_shops, shop
D:12:     layout_grid_maze, enter_bailey_3
Lair:1:   layout_chaotic_city, grunt_megastairs_4, infiniplex_staircase_pool,
          lemuel_fruit_tree, minmay_lair_oklob_chamber, uniq_gastronok
Lair:2:   layout_misc_corridors, guppyfry_snake_entry_island,
          grunt_forest_large_clearings, infiniplex_staircase_pool_2
Lair:3:   layout_misc_corridors, minivault_19, kennysheep_basilisk_garden
Lair:4:   layout_loops_ring, minmay_shoals_entry_centaurs, uniq_josephine,
          uniq_sonja, uniq_rupert, uniq_nessos
Lair:5:   layout_hall_layers, slime_altar_2, serial_bayou_shore_a
Lair:6:   hangedman_lair_tendril_chambers, layout_layer_cave,
          lightli_volcano_entry_magma_tube, grunt_megastairs_2
Orc:1:    layout_diamond_mine, basic_altar
Orc:2:    st_orc_open, layout_caves, uniq_maurice, uniq_donald
Bailey:   bailey_axe_minmay_hex_keep, bailey

Skill      XL: |  1  2  3  4  5  6  7  8  9 10 11 12 13 14 15 |
---------------+----------------------------------------------+-----
Polearms       | 4 5 6 7 9 11 13 14 15 | 15.2
Fighting       | 3 4 5 6 7 8 9 10 11 12 13 | 13.0
Invocations    | 1 3 4 5 7 8 |  8.5
Spellcasting   | 3 4 5 6 7 8 9 10 | 10.3
Shields        | 1 3 5 7 8 9 |  9.6
Dodging        | 4 6 8 9 10 11 | 11.5
Hexes          | 2 4 6 7 9 |  9.9
Charms         | 4 6 7 9 10 | 10.0
Necromancy     | 1 2 |  2.0
Armour         | |  0.6

Action                   |  1- 3 |  4- 6 |  7- 9 | 10-12 | 13-15 || total
-------------------------+-------+-------+-------+-------+-------++-------
Melee: Spear             |   124 |   277 |    42 |       |       ||   443
       Trident           |       |       |   180 |       |       ||   180
       Demon trident     |       |       |   153 |   510 |  1012 ||  1675
       Tailslap          |       |       |       |       |     2 ||     2
 Cast: Infusion          |    12 |    19 |    20 |    38 |    54 ||   143
       Spectral Weapon   |       |       |     8 |    26 |    79 ||   113
       Shroud of Golubri |       |       |     1 |    25 |    45 ||    71
       Tukima's Dance    |       |       |       |     2 |     1 ||     3
       Song of Slaying   |       |       |       |     2 |    12 ||    14
       Regeneration      |       |       |       |     8 |    13 ||    21
       Apportation       |       |       |       |       |     1 ||     1
 Abil: Draw Destruction  |       |     2 |       |       |       ||     2
       Evoke Berserk Rag |       |       |     1 |       |       ||     1
       Draw Summoning    |       |       |       |       |     6 ||     6
Evoke: Wand              |       |     7 |     2 |     6 |    27 ||    42
  Use: Potion            |       |     7 |       |     4 |     5 ||    16
       Scroll            |       |     2 |    12 |    14 |     3 ||    31
 Stab: Sleeping          |     2 |       |       |       |     1 ||     3
       Confused          |       |     2 |     3 |       |       ||     5
       Distracted        |       |       |       |     2 |    10 ||    12
  Eat: Chunk             |     3 |     7 |     5 |    13 |    16 ||    44
       Ration            |       |       |     2 |     3 |     5 ||    10
Armor: Leather armour    |     7 |       |       |       |       ||     7
       Scale mail        |    26 |    77 |       |       |       ||   103
       Skin              |       |    30 |       |       |       ||    30
       Ring mail         |       |       |   102 |   114 |   113 ||   329
Dodge: Dodged            |    43 |   113 |   145 |   103 |   280 ||   684
Block: Shield            |       |       |     2 |   146 |   319 ||   467

Table legend:
 A = Non-vault XP
 B = Vault XP
 C = Vault XP percentage of total XP
 D = Non-vault monster count
 E = Vault monster count
 F = Vault count percentage of total count
                 A         B        C        D         E       F
            +---------+---------+-------+---------+---------+-------
      Total |   62297 |   58319 |  48.4 |     488 |     290 |  37.3
            +---------+---------+-------+---------+---------+-------
        D:1 |      45 |       0 |   0.0 |      25 |       0 |   0.0
        D:2 |      86 |       0 |   0.0 |      20 |       0 |   0.0
        D:3 |     267 |      41 |  13.3 |      41 |       9 |  18.0
        D:4 |     510 |     651 |  56.1 |      26 |       1 |   3.7
        D:5 |     427 |       0 |   0.0 |      19 |       0 |   0.0
        D:6 |    1948 |      91 |   4.5 |      28 |       1 |   3.4
        D:7 |     787 |    1005 |  56.1 |      26 |       5 |  16.1
        D:8 |    1304 |     769 |  37.1 |      12 |       4 |  25.0
        D:9 |    1380 |       0 |   0.0 |      31 |       0 |   0.0
       D:10 |    1696 |    3818 |  69.2 |      16 |      27 |  62.8
       D:11 |    4185 |       0 |   0.0 |      28 |       0 |   0.0
       D:12 |    2452 |       8 |   0.3 |       4 |       4 |  50.0
     Lair:1 |    4529 |    4151 |  47.8 |      22 |       6 |  21.4
     Lair:2 |    4432 |    3423 |  43.6 |      15 |      28 |  65.1
     Lair:3 |    2797 |     587 |  17.3 |       9 |       3 |  25.0
     Lair:4 |    2990 |    7661 |  71.9 |      13 |      14 |  51.9
     Lair:5 |    8879 |     100 |   1.1 |      30 |       4 |  11.8
     Lair:6 |   11074 |   11246 |  50.4 |      36 |      36 |  50.0
      Orc:1 |    8459 |     472 |   5.3 |      60 |       1 |   1.6
      Orc:2 |    4050 |   17735 |  81.4 |      27 |      38 |  58.5
    Ossuary |       0 |     372 | 100.0 |       0 |      37 | 100.0
     Bailey |       0 |    2681 | 100.0 |       0 |      59 | 100.0
    Volcano |       0 |    3508 | 100.0 |       0 |      13 | 100.0
            +---------+---------+-------+---------+---------+-------
